 Seeded DCSS version 0.28.0-43-g3370ac3207 (webtiles) character file.

Game seed: 9871404364189446373 (custom seed)

745 croobank the Covered (level 7, -3/63 HPs)
             Began as a Minotaur Fighter on Mar 24, 2022.
             Slain by an ogre
             ... wielding a +0 giant club
              (21 damage)
             ... on level 5 of the Dungeon.
             The game lasted 00:15:50 (3210 turns).

croobank the Covered (Minotaur Fighter)             Turns: 3210, Time: 00:15:50

Health: -3/63      AC: 10    Str: 22    XL:     7   Next: 47%
Magic:  6/6        EV:  7    Int:  5    God:
Gold:   185        SH:  5    Dex: 10    Spells: 6/6 levels left

rFire   . . .      SeeInvis .   a - +0 war axe
rCold   + . .      Faith    .   c - +0 buckler
rNeg    + . .      Spirit   .   x - +0 chain mail
rPois   .          Reflect  .   (helmet restricted)
rElec   .          Harm     .   (no cloak)
rCorr   .          Rampage  .   (no gloves)
Will    .....                   (no boots)
Stlth   ..........              (no amulet)
HPRegen 0.20/turn               v - ring of protection from cold
MPRegen 0.10/turn               r - ring of positive energy

@: very slow
A: horns 2, retaliatory headbutt
a: no special abilities


You were on level 5 of the Dungeon.
You visited 1 branch of the dungeon, and saw 5 of its levels.

You collected 185 gold pieces.

Inventory:

Hand Weapons
 a - a +0 war axe (weapon)
Missiles
 e - 109 stones
 i - 117 arrows
 n - 66 sling bullets
 o - 3 poisoned darts
 q - 2 boomerangs (quivered)
Armour
 b - a +0 scale mail
 c - a +0 buckler (worn)
 x - a +0 chain mail (worn)
Jewellery
 r - a ring of positive energy (right hand)
 v - a ring of protection from cold (left hand)
Scrolls
 f - a scroll of holy word {unknown}
 h - 2 scrolls of identify {unknown}
 j - 6 scrolls of teleportation {unknown}
 k - 4 scrolls of amnesia {unknown}
 m - a scroll of immolation {unknown}
 s - a scroll of torment {unknown}
 t - a scroll of enchant weapon {unknown}
 y - a scroll of noise {unknown}
 z - a scroll of fog {unknown}
Potions
 d - a potion of might
 g - a potion of ambrosia {unknown}
 l - 4 potions of curing {unknown}
 p - 2 potions of attraction {unknown}
 u - a potion of flight {unknown}
 w - a potion of heal wounds {unknown}


   Skills:
 + Level 6.0 Fighting
 + Level 5.3 Axes
 * Level 6.6 Armour
 + Level 6.0 Shields


You had 6 spell levels left.
You didn't know any spells.
Your spell library contained the following spells:

 Spells                   Type           Power      Damage    Failure   Level
 Beastly Appendage        Tmut           0%         N/A       99%         1
 Sting                    Tmut/Pois      0%         1d3       99%         1
 Poisonous Vapours        Pois/Air       0%         N/A       100%        2
 Wereblood                Tmut           0%         N/A       100%        2
 Ignite Poison            Fire/Tmut/Pois 0%         N/A       100%        3
 Mephitic Cloud           Conj/Pois/Air  0%         N/A       100%        3
 Spider Form              Tmut/Pois      0%         N/A       100%        3
 Olgreb's Toxic Radiance  Pois           0%         N/A       100%        4
 Freezing Cloud           Conj/Ice/Air   0%         6-21      100%        5


Dungeon Overview and Level Annotations

Branches:
Dungeon (5/15)
 Temple: D:4-7

Altars:

Portals:
Sewer: D:5


Innate Abilities, Weirdness & Mutations

You have a pair of horns on your head.
You reflexively headbutt those who attack you in melee.


Message History

You slash the river rat!
You kill the river rat!
The bat hits you but does no damage.
Your Shields skill increases to level 6!
You block the bat's attack.
You enter the shallow water.
Moving in this stuff is going to be slow.
You block the bat's attack. The bat hits you.
Throw: 2 boomerangs
Press: ? - help, Q - select action, (/) - cycle Shift-Dir - straight line, f - ogre
Aim: an ogre, wielding a +0 giant club (74% to hit)
You throw a boomerang.
The boomerang hits the ogre but does no damage.
The bat hits you but does no damage.
Throw: 2 boomerangs
Press: ? - help, Q - select action, (/) - cycle Shift-Dir - straight line, f/p - ogre
Aim: an ogre, wielding a +0 giant club (74% to hit)
You throw a boomerang. The boomerang hits the ogre.
The ogre is lightly wounded.
The bat hits you but does no damage. The ogre hits you with a +0 giant club!
You barely miss the ogre.
The ogre is lightly wounded.
You miss the bat. The bat closely misses you.
The bat hits you but does no damage. The ogre hits you with a +0 giant club!
You barely miss the ogre. You headbutt the ogre!
The ogre is heavily wounded.
You closely miss the bat. The bat closely misses you. You furiously retaliate!
You headbutt the bat.
You kill the bat!
Unknown command.
You hit the ogre. You headbutt the ogre.
The ogre is severely wounded.
The ogre hits you with a +0 giant club! x2
* * * LOW HITPOINT WARNING * * *
Your unstable footing causes you to fumble your attack.
The ogre hits you with a +0 giant club.
* * * LOW HITPOINT WARNING * * *
Your unstable footing causes you to fumble your attack.
The ogre hits you with a +0 giant club!!
You die...

#...+.... ..≈)... #
.#. #≈≈≈≈≈# .#
.#..##≈≈≈≈≈##.# .#
#.#.≈≈.....≈≈.#
.#.#.#..≈≈..†..≈≈.##
#.#.#.#.≈≈$.∩......##
.#.#.#..≈≈..≈O.≈≈....
#.#^#.#.≈≈≈..@.≈≈.###
#.#.#..##≈≈.≈≈##.#
#.#.#.##≈†.≈≈##.#
#.#............# .
#.#.#.##...$...##
#.#.# #.#.#......##
#.#+#+#.##......#
#+#.#.....#.#........
....+......##.........


You could see an ogre.

Vanquished Creatures
  Menkaure (D:5)
  2 water moccasins (D:5)
  A black bear (D:4)
  An ogre (D:4)
  An orc priest (D:3)
  An iguana (D:5)
  2 orc wizards (D:5)
  2 adders
  2 river rats (D:5)
  A white imp (D:5)
  2 adder skeletons (D:4)
  A worm (D:2)
  2 dart slugs
  10 orcs
  8 ball pythons
  12 endoplasms
  7 goblins
  3 hobgoblins
  7 jackals (D:4)
  3 quokkas
  8 bats
  3 frilled lizards
  2 kobolds
  2 rats (D:2)
84 creatures vanquished.

Notes
Turn   | Place    | Note
-------+----------+-------------------------------------------
     0 | D:1      | croobank the Minotaur Fighter began the quest for the Orb.
     0 | D:1      | Reached XP level 1. HP: 19/19 MP: 0/0
   163 | D:1      | Reached XP level 2. HP: 24/27 MP: 1/1
   876 | D:2      | Reached XP level 3. HP: 26/33 MP: 2/2
  1470 | D:3      | Reached XP level 4. HP: 17/41 MP: 3/3
  2151 | D:4      | Noticed an ogre
  2162 | D:4      | Killed an ogre
  2163 | D:4      | Reached XP level 5. HP: 41/47 MP: 4/4
  2228 | D:4      | Reached skill level 5 in Fighting
  2269 | D:4      | Noticed a black bear
  2273 | D:4      | Killed a black bear
  2274 | D:4      | Reached skill level 5 in Armour
  2274 | D:4      | Reached skill level 5 in Shields
  2274 | D:4      | Reached XP level 6. HP: 35/56 MP: 5/5
  2753 | D:5      | Entered Level 5 of the Dungeon
  2921 | D:5      | Noticed Menkaure
  2927 | D:5      | Killed Menkaure
  3061 | D:5      | Noticed a water moccasin
  3065 | D:5      | Killed a water moccasin
  3066 | D:5      | Reached skill level 5 in Axes
  3066 | D:5      | Reached XP level 7. HP: 62/62 MP: 6/6
  3191 | D:5      | Found a glowing drain.
  3210 | D:5      | Slain by an ogre

Illustrated notes

Levels and vault maps discovered:
D:1:      onia_arrival_mini_maze_b, layout_basic, bh_walls_and_bars
D:2:      layout_basic, serial_glass, glass_columns_c, glass_columns_b,
          nrook_campfire, minmay_tripent
D:3:      layout_basic, minmay_misc_feat_encased
D:4:      layout_cave_pools
D:5:      layout_basic, cheibrodos_sewer_entry_sluice, uniq_ijyb, uniq_pikel,
          uniq_menkaure

Skill      XL: |  1  2  3  4  5  6  7 |
---------------+----------------------+-----
Fighting       | 4 5 6 |  6.0
Armour         | 4 5 6 |  6.6
Shields        | 4 5 6 |  6.0
Axes           | 3 4 5 |  5.3

Action                   |  1- 3 |  4- 6 |  7- 9 || total
-------------------------+-------+-------+-------++-------
Melee: War axe           |    71 |    78 |    27 ||   176
       Headbutt          |    10 |    13 |     8 ||    31
Throw: Boomerang         |       |     9 |     2 ||    11
       Throwing net      |       |     1 |       ||     1
Armor: Scale mail        |    32 |    37 |       ||    69
       Chain mail        |       |     8 |    23 ||    31
Dodge: Dodged            |    35 |    31 |    19 ||    85
Block: Buckler           |    17 |    15 |     9 ||    41
